 Dungeon Crawl Stone Soup version 0.28-a0-312-gbced6e68ee (webtiles) character file.

Game seed: 8660459173806182940

62 empror the Ducker (level 3, 0/36 HPs)
             Began as a Troll Berserker on Aug 30, 2021.
             Was a Believer of Trog.
             Slain by a gnoll (10 damage)
             ... on level 2 of the Dungeon.
             The game lasted 00:14:52 (939 turns).

empror the Ducker (Troll Berserker)                  Turns: 939, Time: 00:14:52

Health: 0/36       AC:  4    Str: 26    XL:     3   Next: 85%
Magic:  2/2        EV: 10    Int:  3    God:    Trog [**....]
Gold:   64         SH:  0    Dex:  9    Spells: 2/2 levels left

rFire   . . .      SeeInvis .     - Unarmed
rCold   . . .      Faith    .   (no shield)
rNeg    . . .      Spirit   .   b - +0 animal skin
rPois   .          Reflect  .   (helmet restricted)
rElec   .          Harm     .   (no cloak)
rCorr   .          Rampage  .   (gloves unavailable)
Will    .....                   (boots unavailable)
Stlth   +.........              (no amulet)
HPRegen 1.12/turn               (no ring)
MPRegen 0.08/turn               (no ring)

@: on berserk cooldown, slowed, very slow
A: large, unfitting armour, claws 3, regeneration 1, shaggy fur 1, tough skin 1
a: Renounce Religion, Berserk, Trog's Hand


You were on level 2 of the Dungeon.
You worshipped Trog.
Trog was pleased with you.
You visited 1 branch of the dungeon, and saw 2 of its levels.

You collected 64 gold pieces.

Inventory:

Hand Weapons
 a - a +0 mace
 e - a +0 club
 f - a +2 dagger of venom
 i - a +0 dagger
 k - a +0 dagger
 l - a +0 whip of pain
Missiles
 d - 37 stones (quivered)
 h - 17 bolts
 n - 28 arrows
Armour
 b - a +0 animal skin (worn)
Magical Staves
 g - a staff of fire
Scrolls
 c - a scroll of fear {unknown}
 j - a scroll of magic mapping
 m - a scroll of teleportation {unknown}


   Skills:
 + Level 2.7 Fighting
 + Level 3.1 Maces & Flails
 + Level 3.2 Dodging
 + Level 1.0 Unarmed Combat
 * Level 0.3 Evocations


You had 2 spell levels left.
You didn't know any spells.
Your spell library contained the following spells:

 Spells                   Type           Power      Damage    Failure   Level
 Airstrike                Air            0%         N/A       99%         4
 Summon Lightning Spire   Summ/Air       0%         N/A       99%         4
 Lightning Bolt           Conj/Air       0%         1d11      100%        5


Dungeon Overview and Level Annotations

Branches:
Dungeon (2/15)

Altars:


Innate Abilities, Weirdness & Mutations

You are too large for most types of armour.
You have claws for hands.
Your natural rate of healing is unusually fast.
You are covered in fur. (AC +1)
You have tough skin. (AC +1)


Message History

You are exhausted.
You feel yourself slow down. The bat hits you but does no damage.
The bat misses you. The quokka barely misses you.
The quokka bites you but does no damage.
The gnoll closely misses you.
You see here a bat corpse.
Found a stone staircase leading down.
The bat hits you but does no damage.
The quokka bites you but does no damage.
The gnoll barely misses you. The quokka bites you.
You claw the quokka!
You kill the quokka!
Trog accepts your kill. The bat hits you but does no damage.
The gnoll barely misses you. The gnoll closely misses you.
You barely miss the bat. The bat closely misses you.
The gnoll barely misses you. The bat hits you.
The bat hits you but does no damage. The bat barely misses you.
The gnoll hits you from afar with a +0 halberd!
The bat misses you.
You miss the bat. The bat hits you but does no damage. x2
The gnoll closely misses you. The bat misses you.
You barely miss the bat. The bat hits you but does no damage. x2
The gnoll hits you from afar with a +0 halberd. x2
You barely miss the bat. The bat closely misses you. The bat misses you.
The bat hits you but does no damage. The gnoll misses you. The bat hits you.
The bat hits you but does no damage. x2
The gnoll closely misses you.
You scratch the bat.
The bat is moderately wounded.
The bat hits you but does no damage. The bat closely misses you.
The gnoll hits you from afar with a +0 halberd!
* * * LOW HITPOINT WARNING * * *
The bat barely misses you.
You barely miss the bat.
The bat is moderately wounded.
The bat hits you but does no damage. x2; The bat misses you.
The gnoll barely misses you.
The gnoll hits you from afar with a +0 halberd!
You die...

###..##.>..# ............
##........... #.......#
............ #.......#
.........(. ###.......#
..........
.........#######.........
............b@.g........
#....#########†........ #
#....# #†.)<.....
#####....#########.#.....#.
...................###.###
##.......########### ...
##.......#### #.#
########....#######. ...
###########......... ..


You could see a gnoll and a bat.

Vanquished Creatures
  2 gnolls (D:2)
  2 dart slugs (D:1)
  6 ball pythons
  7 bats
  4 endoplasms
  2 giant cockroaches
  A goblin (D:2)
  4 hobgoblins
  2 quokkas
  2 frilled lizards (D:1)
  A kobold (D:1)
  2 rats (D:1)
35 creatures vanquished.

Notes
Turn   | Place    | Note
-------+----------+-------------------------------------------
     0 | D:1      | empror the Troll Berserker began the quest for the Orb.
     0 | D:1      | Reached XP level 1. HP: 22/22 MP: 0/0
   113 | D:1      | Reached XP level 2. HP: 29/29 MP: 1/1
   689 | D:1      | Reached XP level 3. HP: 36/36 MP: 2/2
   918 | D:2      | Reached ** piety under Trog
   926 | D:2      | Reached skill level 1 in Unarmed Combat
   939 | D:2      | Slain by a gnoll

Illustrated notes

Levels and vault maps discovered:
D:1:      lightli_arrival_statuegarden, layout_basic
D:2:      cheibrodos_fertilizer, layout_rooms, uniq_crazy_yiuf_cottage

Skill      XL: |  1  2  3 |
---------------+----------+-----
Maces & Flails | 3 |  3.1
Dodging        | 3 |  3.2
Unarmed Combat | 1 |  1.0
Fighting       | |  2.7
Evocations     | |  0.3

Action                   || total
-------------------------++-------
Melee: Mace              ||    78
       Unarmed           ||    41
Throw: Stone             ||    13
Invok: Berserk           ||     3
  Use: Potion            ||     3
       Scroll            ||     1
Armor: Animal skin       ||   100
Dodge: Dodged            ||   140

Table legend: (Time is in decaauts)
 A = Elapsed time spent in this place.
 B = Non-inter-level travel time spent in this place.
 C = Inter-level travel time spent in this place.
 D = Time resting spent in this place.
 E = Time spent auto-exploring this place.
 F = Levels seen in this place.
 G = Mean time per level.
                   A        B        C        D        E       F      G
               +--------+--------+--------+--------+--------+-----+--------+
         Total |    954 |    887 |     67 |      0 |    246 |   2 |  477.0 |
       Dungeon |    954 |    887 |     67 |      0 |    246 |   2 |  477.0 |
               +--------+--------+--------+--------+--------+-----+--------+

Top non-repeatable levels by time:
     D:1: 850 daAuts
     D:2: 103 daAuts
